AoeStats
← Blazing Cartesia, The Virtuous

Arabia

510338141Analyzed
1v1 RM · 13h ago on Sep 30, 2026· 38m 5s· 2 players
Game mode
Random Map
Map size
Tiny (2 player)
Population
200
Speed
Normal
Resources
Standard
Victory
Conquest
Starting age
Dark Age
Ending age
Imperial Age
RankedLock teamsTeams togetherTeam positionsShared explorationLock speedFull tech treeHidden civsTurbo modeCheats
Victory
Defeat
🇦🇺 Magyars · Australia
1239
+16
1246
-16
Civ_Picker
6:45 Loom
10:43 Feudal Age
16:37 Castle Age
16:08 Double-Bit Axe
18:03 Horse Collar
26:01 Scale Barding Armor
29:13 Bloodlines
29:43 Husbandry
31:19 Wheelbarrow
31:51 Chain Barding Armor
36:57 Gold Mining
38:32 Gold Shaft Mining
Blazing Cartesia, The Virtuous
6:21 Loom
8:55 Feudal Age
10:17 Horse Collar
10:25 Double-Bit Axe
18:56 Castle Age
17:12 Bloodlines
18:25 Scale Barding Armor
19:10 Gold Mining
19:53 Bow Saw
19:51 Heavy Plow
19:57 Husbandry
21:47 Chain Barding Armor
23:05 Gold Shaft Mining
31:01 Wheelbarrow
33:23 Stone Mining
Connection lost

Rejoining the realm…

Still unreachable

The connection could not be restored.

Session expired

The server has moved on; the page needs a fresh start.